 Dungeon Sprint DCSS version 0.24.0-37-gcf1ca852f1 (webtiles) character file.

Game seed: 1000311364489462859, levelgen mode: deterministic

106 Cryoshakespeare the Grappler (level 4, 0/46 HPs)
             Began as a Troll Berserker on Nov 22, 2019.
             Was a Follower of Trog.
             Slain by Sigmund
             ... wielding a +0 scythe
              (12 damage)
             ... in the Dungeon (Sprint I: "Red Sonja").
             The game lasted 00:00:55 (125 turns).

Cryoshakespeare the Grappler (Troll Berserker)       Turns: 125, Time: 00:00:56

Health: 0/46       AC:  6    Str: 26    XL:     4   Next: 55%
Magic:  3/3        EV: 11    Int:  3    God:    Trog [*.....]
Gold:   54         SH:  0    Dex:  9    Spells: 3/3 levels left

rFire    . . .     SeeInvis .     - Unarmed
rCold    . . .     Gourm    +   (no shield)
rNeg     . . .     Faith    .   a - +0 animal skin
rPois    .         Spirit   .   (helmet restricted)
rElec    .         Reflect  .   (no cloak)
rCorr    .         Harm     .   (gloves unavailable)
MR       .....     NoTele   +   (boots unavailable)
Stlth    +.........             (no amulet)
HPRegen  0.55/turn              (no ring)
MPRegen  0.08/turn              (no ring)

@: berserk cooldown, hasted and slowed
A: large, unfitting armour, claws 3, fast metabolism 3, gourmand, regeneration
1, shaggy fur 1, tough skin 3
a: Berserk, Renounce Religion


You were in the Dungeon.
You worshipped Trog.
Trog was aware of your devotion.
You were full.

You visited 1 branch You collected 54 gold pieces.

Inventory:

Armour
 a - a +0 animal skin (worn)
Wands
 i - a wand of digging (5)
Scrolls
 h - a scroll of blinking
Potions
 d - a potion of heal wounds
 f - 2 potions of magic
 g - a potion of berserk rage
Comestibles
 b - 2 rations


   Skills:
 - Level 3.6 Fighting
 - Level 3.7 Dodging
 + Level 8.4 Unarmed Combat


You had 3 spell levels left.
You didn't know any spells.
Your spell library was empty.

Dungeon Overview and Level Annotations

Branches:
Dungeon (1/1)

Altars:

Annotations:
D Sigmund


Innate Abilities, Weirdness & Mutations

You are too large for most types of armour.
You have claws for hands.
Your metabolism is lightning-fast.
You like to eat raw meat.
Your natural rate of healing is unusually fast.
You are covered in fur. (AC +1)
You have extremely tough skin. (AC +3)


Message History

A magic dart appears from out of thin air!
The magic dart hits you!
There is an open door, spattered with blood here.
You feel a strong urge to attack something.
You bump into the stone wall.
You bump into the stone wall.
You feel your anger nearly subside.
You are no longer berserk.
You are exhausted.
You feel yourself slow down. Something hits you!
There is an open door, spattered with blood here.
You bump into the rock wall.
Something hits you!
You feel better. Something hits you but does no damage.
Okay, then.
You closely miss something. Something hits you!
You feel yourself speed up. Something hits you!
* * * LOW HITPOINT WARNING * * *
You scratch something. You closely miss something. Something hits you!
You die...

#############
#<.#.)'÷.#{.+
#..'[.#..@..#
#..#####'####
#..# #..#
#..# ####
#..# #⌠⌠#
####


There were no monsters in sight!

Vanquished Creatures
  An ogre (D)
  Ijyb (D)
2 creatures vanquished.

Notes
Turn   | Place    | Note
-------+----------+-------------------------------------------
     0 | D        | Cryoshakespeare the Troll Berserker began the quest for the
                  | Orb.
     0 | D        | Reached XP level 1. HP: 22/22 MP: 0/0
     1 | D        | Noticed Ijyb
    13 | D        | Killed Ijyb
    13 | D        | Reached skill level 4 in Unarmed Combat
    13 | D        | Reached XP level 2. HP: 31/31 MP: 1/1
    21 | D        | Noticed an ogre
    23 | D        | HP: 1/31 [ogre/+0 giant club (30)]
    25 | D        | Killed an ogre
    25 | D        | Reached skill level 8 in Unarmed Combat
    25 | D        | Reached XP level 3. HP: 3/37 MP: 2/2
    25 | D        | Reached XP level 4. HP: 4/46 MP: 3/3
   106 | D        | Noticed Sigmund
   125 | D        | Slain by Sigmund

Levels and vault maps discovered:
D:        dungeon_sprint_1 [red_sonja_temple_1, red_sonja_temple_small_1]

Skill      XL: |  1  2 |
---------------+-------+-----
Fighting       | 3 |  3.6
Dodging        | 3 |  3.7
Unarmed Combat | 4 8 |  8.4

Action                   |  1- 3 |  4- 6 || total
-------------------------+-------+-------++-------
Melee: Unarmed           |    13 |     8 ||    21
Invok: Berserk           |     1 |     1 ||     2
  Use: Potion            |       |     2 ||     2
  Eat: Chunk             |       |     5 ||     5
Armor: Animal skin       |     3 |       ||     3
Dodge: Dodged            |     6 |     2 ||     8
